AoeStats
← frbbehrens

Arena

510185402Analyzed
2v2 RM · 1d ago on Sep 29, 2026· 24m 30s· 4 players
Game mode
Random Map
Map size
Medium (4 player)
Population
200
Speed
Normal
Resources
Standard
Victory
Conquest
Starting age
Dark Age
Ending age
Imperial Age
RankedLock teamsTeams togetherTeam positionsShared explorationLock speedFull tech treeHidden civsTurbo modeCheats
Victory
Defeat
🇷🇺 Turks · Russia
853
+15
🇦🇷 Goths · Argentina
842
+16
🇬🇧 Celts · United Kingdom
876
-17
🇮🇹 Britons · Italy
798
-14
JuanferQuintero
0:37 Loom
10:10 Feudal Age
12:31 Wheelbarrow
12:07 Double-Bit Axe
13:57 Man-at-Arms
15:21 Forging
16:22 Town Watch
17:17 Gold Mining
17:20 Horse Collar
21:56 Scale Mail Armor
76561199137489861
8:48 Loom
11:14 Feudal Age
frbbehrens
Mareigh
Connection lost

Rejoining the realm…

Still unreachable

The connection could not be restored.

Session expired

The server has moved on; the page needs a fresh start.